 Dungeon Crawl Stone Soup version 0.29-a0-321-gf1c400731a (webtiles) character file.

Game seed: 5618790858211990477

518 Psyclone the Changer (level 7, -6/45 HPs)
             Began as an Octopode Transmuter on Apr 4, 2022.
             Mangled by Duvessa
             ... wielding a +4 short sword of freezing
              (8 damage)
             ... on level 4 of the Dungeon.
             The game lasted 00:08:09 (5030 turns).

Psyclone the Changer (Octopode Transmuter)          Turns: 5030, Time: 00:08:09

Health: -6/45      AC:  1    Str:  9    XL:     7   Next: 21%
Magic:  9/10       EV: 14    Int: 20    God:
Gold:   161        SH:  0    Dex: 14    Spells: 4/10 levels left

rFire   . . .      SeeInvis .   a - +3 rapier (venom)
rCold   + . .      Faith    .   (no shield)
rNeg    . . .      Spirit   .   (helmet restricted)
rPois   .          Reflect  .   u - amulet of regeneration
rElec   .          Harm     .   o - ring of protection from cold
rCorr   .          Rampage  .   (no ring)
Will    .....                   (no ring)
Stlth   ++........              (no ring)
HPRegen 0.95/turn               (no ring)
MPRegen 0.12/turn               (no ring)
                                (no ring)
                                (no ring)

@: wereblooded
A: almost no armour, amphibious, 8 rings, camouflage 1, gelatinous body 1,
(nimble swimmer 1), tentacles, agile 1, clever 1
a: no special abilities


You were on level 4 of the Dungeon.
You visited 1 branch of the dungeon, and saw 4 of its levels.

You collected 161 gold pieces.

Inventory:

Hand Weapons
 a - a +3 rapier of venom (weapon)
Magical Staves
 t - a staff of death
Jewellery
 o - a ring of protection from cold (left tentacle)
 u - an amulet of regeneration (around mantle)
Wands
 k - a wand of acid (16)
Scrolls
 g - a scroll of holy word
 h - 5 scrolls of vulnerability {unknown}
 i - 3 scrolls of noise {unknown}
 l - a scroll of teleportation
 m - a scroll of blinking {unknown}
 r - a scroll of identify {@r1}
Potions
 b - a potion of magic {unknown}
 c - a potion of ambrosia
 d - a potion of flight
 e - a potion of curing
 f - a potion of attraction {unknown}
 j - a potion of resistance {unknown}
 n - a potion of lignification
 p - a potion of cancellation {unknown}
 q - a potion of haste
 s - a potion of brilliance


   Skills:
 * Level 2.4 Fighting
 * Level 3.1 Dodging
 - Level 3.0 Unarmed Combat
 + Level 2.4 Spellcasting
 - Level 6.0 Transmutations
 - Level 3.0 Poison Magic


You had 4 spell levels left.
You knew the following spells:

 Your Spells              Type           Power      Damage    Failure   Level
a - Beastly Appendage     Tmut           52%        N/A       1%          1
b - Wereblood             Tmut           26%        N/A       1%          2
c - Spider Form           Tmut/Pois      20%        N/A       7%          3

Your spell library contained the following spells:

 Spells                   Type           Power      Damage    Failure   Level
 Ice Form                 Ice/Tmut       14%        N/A       41%         4


Dungeon Overview and Level Annotations

Branches:
Dungeon (4/15)
 Temple: D:4-7

Altars:
Ashenzari
Qazlal

Annotations:
D:4 Dowan, Duvessa


Innate Abilities, Weirdness & Mutations

You cannot wear most types of armour.
You are amphibious.
You can wear up to eight rings at the same time.
Your skin changes colour to match your surroundings (Stealth+).
Your rubbery body absorbs attacks. (AC +1, EV +1)
((You are camouflaged when in or above water. (Stealth+)))
You have tentacles for arms and can constrict up to eight enemies at once.
You are agile. (Dex +2)
Your mind is acute. (Int +2)


Message History

You now have 8/10 mp.
You puncture the kobold!
You kill the kobold!
Dowan says, "My weaknesses are her strengths!"
Dowan gestures at Duvessa while chanting.
Duvessa seems to speed up.
The ball python misses you. The ball python closely misses you.
You puncture the ball python!
You kill the ball python!
Duvessa hits you with a +4 short sword of freezing!
You take 8 damage, and have 37/45 hp.
You closely miss Duvessa. Your grab misses Duvessa.
You howl as the wereblood boils in your veins!
Duvessa barely misses you.
Duvessa hits you with a +4 short sword of freezing.
Duvessa freezes you.
You take 5 damage, and have 32/45 hp.
You puncture Duvessa! Your grab misses Duvessa.
Duvessa is moderately wounded.
Duvessa hits you with a +4 short sword of freezing!
You take 6 damage, and have 26/45 hp.
You barely miss Duvessa. You grab Duvessa. You squeeze Duvessa.
Duvessa is moderately wounded.
You constrict Duvessa, but do no damage.
Duvessa hits you with a +4 short sword of freezing.
Duvessa hits you with a +4 short sword of freezing!
Duvessa freezes you.
* * * LOW HITPOINT WARNING * * *
You take 13 damage, and have 13/45 hp.
MASSIVE DAMAGE!!
You hit Duvessa.
Duvessa is poisoned.
Duvessa is moderately wounded.
You constrict Duvessa.
Duvessa hits you with a +4 short sword of freezing!
* * * LOW HITPOINT WARNING * * *
Duvessa freezes you.
* * * LOW HITPOINT WARNING * * *
Dowan mumbles some strange words.
Dowan blinks!
Duvessa hits you with a +4 short sword of freezing!
You die...

#####)##.## #.#.#
.....)#...####.#.#
###............#.#
#[###...###..#.####
#.# ##.## #.......#
#.####.# #.##†##.#
#.##...# #.##.#
#.##.### #.##.#
###.##.# #.##@#
.....#.# #.##e#
###..#.######( .§.
#................
##.#.#######......
#.#.# ......##
#.#.# ......##
#.#.# ......##
#.#.#


You could see Duvessa (fast, very poisoned).

Vanquished Creatures
  An ice beast (D:4)
  A necrophage (D:4)
  2 hounds (D:4)
  2 iguanas (D:4)
  Robin (D:2)
  6 gnolls
  10 adders
  A worm (D:2)
  3 dart slugs
  8 endoplasms
  5 giant cockroaches
  14 goblins
  3 hobgoblins
  6 jackals
  9 kobolds
  2 quokkas
  10 ball pythons
  4 bats
  5 frilled lizards
  8 rats
101 creatures vanquished.

Notes
Turn   | Place    | Note
-------+----------+-------------------------------------------
     0 | D:1      | Psyclone the Octopode Transmuter began the quest for the
                  | Orb.
     0 | D:1      | Reached XP level 1. HP: 13/13 MP: 3/3
   134 | D:1      | Reached XP level 2. HP: 12/18 MP: 3/5
   244 | D:1      | Reached skill level 3 in Transmutations
   951 | D:1      | Reached XP level 3. HP: 23/23 MP: 4/6
  1685 | D:2      | Reached skill level 4 in Transmutations
  2106 | D:2      | Reached XP level 4. HP: 24/28 MP: 7/7
  2244 | D:2      | Noticed Robin
  2250 | D:2      | Learned a level 2 spell: Wereblood
  2272 | D:2      | Killed Robin
  2459 | D:2      | Reached skill level 5 in Transmutations
  2532 | D:2      | Reached XP level 5. HP: 32/33 MP: 8/8
  2674 | D:2      | Found a faded altar of an unknown god.
  3278 | D:3      | Found a stormy altar of Qazlal.
  3452 | D:3      | Learned a level 3 spell: Spider Form
  3909 | D:3      | Gained mutation: You are agile. (Dex +2) [potion of
                  | mutation]
  3909 | D:3      | Gained mutation: Your mind is acute. (Int +2) [potion of
                  | mutation]
  4005 | D:4      | Found a broken altar of Ashenzari.
  4009 | D:4      | Noticed an ice beast
  4024 | D:4      | Killed an ice beast
  4025 | D:4      | Reached XP level 6. HP: 29/38 MP: 9/9
  4254 | D:4      | Reached skill level 6 in Transmutations
  4935 | D:4      | Reached XP level 7. HP: 43/45 MP: 7/10
  5015 | D:4      | Noticed Duvessa
  5015 | D:4      | Noticed Dowan
  5030 | D:4      | HP: 2/45 [Duvessa/+4 short sword of freezing (1)]
  5030 | D:4      | Mangled by Duvessa

Illustrated notes

Levels and vault maps discovered:
D:1:      shiori_arrival_oz, layout_loops_corners
D:2:      layout_basic, basic_ecumenical_altar, uniq_robin
D:3:      layout_basic, old_standard_altar, minmay_hedge_maze
D:4:      layout_loops_ring, evilmike_ruin_ashenzari, corexii_checkpoint_a,
          dk_noncrumbling_4, grunt_ministairs_3, uniq_duvessa

Skill      XL: |  1  2  3  4  5  6  7 |
---------------+----------------------+-----
Transmutations | 3 4 5 6 |  6.0
Poison Magic   | 2 3 |  3.0
Fighting       | 2 |  2.4
Dodging        | 3 |  3.1
Unarmed Combat | |  3.0
Spellcasting   | |  2.4

Action                   |  1- 3 |  4- 6 |  7- 9 || total
-------------------------+-------+-------+-------++-------
Melee: Unarmed           |    74 |    55 |       ||   129
       Kick              |    28 |    19 |       ||    47
       Constrict         |    21 |    26 |     4 ||    51
       Tentacles         |    14 |    23 |     6 ||    43
       Punch             |     1 |     1 |       ||     2
       Rapier            |       |    50 |    16 ||    66
 Cast: Beastly Appendage |    30 |    15 |       ||    45
       Wereblood         |       |     3 |     1 ||     4
  Use: Potion            |       |     5 |       ||     5
       Scroll            |       |     3 |       ||     3
 Stab: Sleeping          |     7 |     5 |       ||    12
Armor: Skin              |     6 |     2 |       ||     8
Dodge: Dodged            |    48 |    68 |    15 ||   131

Table legend: (Time is in decaauts)
 A = Elapsed time spent in this place.
 B = Non-inter-level travel time spent in this place.
 C = Inter-level travel time spent in this place.
 D = Time resting spent in this place.
 E = Time spent auto-exploring this place.
 F = Levels seen in this place.
 G = Mean time per level.
                   A        B        C        D        E       F      G
               +--------+--------+--------+--------+--------+-----+--------+
         Total |   5021 |   4905 |    116 |      0 |   4119 |   4 | 1255.2 |
       Dungeon |   5021 |   4905 |    116 |      0 |   4119 |   4 | 1255.2 |
               +--------+--------+--------+--------+--------+-----+--------+

Top non-repeatable levels by time:
     D:1: 1507 daAuts
     D:2: 1496 daAuts
     D:4: 1051 daAuts
     D:3: 966 daAuts
